 Dungeon Crawl Stone Soup version 0.19.1-1-g22dce08 (webtiles) character file.

275 Kiturien the Chopper (level 6, -1/38 HPs)
             Began as a Tengu Berserker on Jan 13, 2017.
             Was a Believer of Trog.
             Killed from afar by Dowan (15 damage)
             ... with a shard of ice
             ... on level 3 of the Dungeon on Jan 14, 2017.
             The game lasted 00:17:50 (3211 turns).

Kiturien the Chopper (Tengu Berserker)              Turns: 3211, Time: 00:17:51

Health: -1/38      AC:  9    Str: 20    XL:     6   Next: 25%
Magic:  7/7        EV:  9    Int:  7    God:    Trog [**....]
Gold:   231        SH:  0    Dex: 13    Spells: 0 memorised, 5 levels left

rFire  . . .     SeeInvis .     a - +0 hand axe
rCold  . . .     Gourm    .     h - +0 chain mail
rNeg   . . .     Faith    .     (no shield)
rPois  +         Spirit   .     (helmet restricted)
rElec  .         Reflect  .     (no cloak)
rCorr  .         Harm     .     (no gloves)
MR     ++...                    (boots unavailable)
Stlth  ..........               (no amulet)
                                (no ring)
                                r - ring of poison resistance

@: very slightly contaminated, regenerating
A: beak, talons 3, able to fly 1
a: Fly, Berserk, Trog's Hand, Burn Spellbooks, Renounce Religion


You were on level 3 of the Dungeon.
You worshipped Trog.
Trog was pleased with you.
You were not hungry.

You visited 1 branch of the dungeon, and saw 4 of its levels.

You collected 231 gold pieces.

Inventory:

Hand Weapons
 a - a +0 hand axe (weapon)
 v - a +3 falchion of freezing
 w - a +3 flail of holy wrath
Missiles
 m - 7 javelins of returning (quivered)
Armour
 h - a +0 chain mail (worn)
 q - a +2 robe of cold resistance
Jewellery
 r - a ring of poison resistance (left hand)
Scrolls
 b - 2 scrolls of fear
 i - 4 scrolls of remove curse
 j - a scroll of enchant armour {unknown}
 k - a scroll of blinking
 o - a scroll of recharging {unknown}
 s - a scroll of amnesia {unknown}
 t - 3 scrolls of noise {unknown}
 u - a scroll of teleportation {unknown}
Potions
 d - a potion of degeneration {unknown}
 e - 2 potions of haste {unknown}
 f - 3 potions of curing {unknown}
 l - a potion of brilliance {unknown}
 n - a potion of mutation {unknown}
 p - 2 potions of lignification {unknown}
 x - a potion of beneficial mutation {unknown}
Comestibles
 c - 2 bread rations
 g - a meat ration
 z - 2 fruits


   Skills:
 + Level 3.8 Fighting
   Level 0.4 Short Blades
 + Level 5.6 Axes
 + Level 3.5 Armour
 + Level 3.1 Dodging
 + Level 0.4 Stealth


You had 5 spell levels left.
You didn't know any spells.

Dungeon Overview and Level Annotations

Branches:
Dungeon (4/15)
 Temple: D:4-7

Altars:
Hepliaklqana
Sif Muna
Xom
Yredelemnul

Annotations:
D:3 Dowan


Innate Abilities, Weirdness & Mutations

You have a beak for a mouth.
You have claws for feet.
You can fly.


Message History

Dowan screams, "No!
No!"
Dowan seems to find hidden reserves of power!
Your Dodging skill increases to level 3!
You have reached level 6!
Your experience leads to an increase in your attributes!
Increase (S)trength, (I)ntelligence, or (D)exterity?
You feel stronger.
Dowan mumbles some strange words.
Dowan blinks!
You feel the effects of Trog's Hand fading.
Dowan casts a spell at you. The shard of ice hits you!
* * * LOW HITPOINT WARNING * * *
Dowan mumbles some strange words.
Dowan blinks!
Dowan hits you but does no damage.
You closely miss Dowan.
Dowan is severely wounded.
Dowan points at you and mumbles some strange words.
The shard of ice hits you!
You die...

).......###.##.e....#
.....†...##.###e.)..#
##..†.##(##.........#
.......#.##..###....#
..[......##..# ######
######.####.e#####
...............§.#
######.####.####.#
#.# ### #@# #.# #e#
#.# #.# ###########
#.# #.# #..........
#.#
#.######.#########
#.# #........# #.#
########## #.# #.#


You could see Dowan.

Vanquished Creatures
  Duvessa (D:3)
  4 gnolls (D:3)
  5 adders
  A worm (D:3)
  A dart slug (D:1)
  A leopard gecko (D:3)
  10 orcs (D:3)
  2 bats
  7 giant cockroaches
  9 goblins
  8 hobgoblins
  9 jackals
  14 kobolds
  A quokka (D:2)
  5 frilled lizards
  11 rats
89 creatures vanquished.

Notes
Turn   | Place    | Note
-------+----------+-------------------------------------------
     0 | D:1      | Kiturien the Tengu Berserker began the quest for the Orb.
     0 | D:1      | Reached XP level 1. HP: 14/14 MP: 2/2
    77 | D:1      | Reached XP level 2. HP: 19/19 MP: 3/3
   475 | D:1      | Reached XP level 3. HP: 14/23 MP: 4/4
   743 | D:1      | Reached ** piety under Trog
  1073 | D:2      | Found a shimmering altar of Xom.
  1409 | D:2      | Found a basalt altar of Yredelemnul.
  1409 | D:2      | Found a hazy altar of Hepliaklqana.
  1459 | D:2      | Reached skill level 4 in Axes
  1817 | D:2      | Reached XP level 4. HP: 19/28 MP: 5/5
  2611 | D:3      | Gained mutation: You can fly. [Tengu growth]
  2611 | D:3      | Reached XP level 5. HP: 15/33 MP: 6/6
  2714 | D:3      | Found a deep blue altar of Sif Muna.
  2931 | D:3      | Reached *** piety under Trog
  3050 | D:3      | Reached skill level 5 in Axes
  3182 | D:4      | Noticed Duvessa
  3182 | D:4      | Noticed Dowan
  3205 | D:3      | Killed Duvessa
  3205 | D:3      | Reached XP level 6. HP: 17/38 MP: 7/7
  3211 | D:3      | Killed from afar by Dowan

Skill      XL: |  1  2  3  4  5 |
---------------+----------------+-----
Axes           | 4 5 |  5.6
Armour         | 3 |  3.5
Dodging        | 3 |  3.1
Fighting       | |  3.8
Short Blades   | |  0.4
Stealth        | |  0.4

Action                   |  1- 3 |  4- 6 || total
-------------------------+-------+-------++-------
Melee: Short sword       |    62 |       ||    62
       Kick              |    26 |    39 ||    65
       Hand axe          |    64 |   158 ||   222
       Peck              |    17 |    20 ||    37
Invok: Trog's Hand       |       |     3 ||     3
  Use: Scroll            |     4 |     1 ||     5
 Stab: Sleeping          |     1 |       ||     1
  Eat: Meat ration       |     1 |     1 ||     2
Armor: Animal skin       |     3 |       ||     3
       Chain mail        |    70 |    85 ||   155
Dodge: Dodged            |    61 |    81 ||   142
